 Dungeon Crawl Stone Soup version 0.23.2-1-ga50397a6bc (webtiles) character file.

Game seed: 3529076028350397419

119 Gumption the Chiller (level 5, 0/38 HPs)
             Began as a Merfolk Ice Elementalist on May 29, 2019.
             Slain by a sky beast (5 damage)
             ... on level 1 of the Dungeon.
             The game lasted 00:30:44 (3985 turns).

Gumption the Chiller (Merfolk Ice Elementalist)     Turns: 3985, Time: 00:30:44

Health: 0/38       AC:  2    Str:  9    XL:     5   Next: 3%
Magic:  9/9        EV: 13    Int: 15    God:
Gold:   121        SH:  0    Dex: 14    Spells: 3/9 levels left

rFire    . . .     SeeInvis .   a - +3 spear
rCold    . . .     Gourm    .   (no shield)
rNeg     . . .     Faith    .   d - +0 robe
rPois    .         Spirit   .   (no helmet)
rElec    .         Reflect  .   (no cloak)
rCorr    .         Harm     .   (no gloves)
MR       .....                  (no boots)
Stlth    ++........             (no amulet)
HPRegen  0.12/turn              (no ring)
MPRegen  0.11/turn              (no ring)

@: no status effects
A: change form in water, swift swim, stealthy swim
a: no special abilities


You were on level 1 of the Dungeon.
You were not hungry.

You visited 1 branch of the dungeon, and saw 3 of its levels.

You collected 121 gold pieces.

Inventory:

Hand Weapons
 a - a +3 spear (weapon)
 b - a +0 hunting sling
Missiles
 k - 61 stones (quivered)
 l - 37 sling bullets
Armour
 d - a +0 robe (worn)
 p - a +0 ring mail
Jewellery
 f - an uncursed amulet of rage {unknown}
 o - an uncursed ring of protection from magic {unknown}
Scrolls
 g - a scroll of remove curse {unknown}
 h - a scroll of blinking
 i - a scroll of enchant armour {unknown}
 j - 2 scrolls of teleportation
 m - a scroll of immolation {unknown}
 n - a scroll of fear {unknown}
 r - a scroll of identify {unknown}
Potions
 e - 2 potions of agility {unknown}
 s - a potion of magic {unknown}
 t - a potion of heal wounds {unknown}
 u - a potion of cancellation {unknown}
Comestibles
 c - 6 rations


   Skills:
 + Level 2.3 Fighting
 + Level 1.2 Polearms
 + Level 3.1 Dodging
 - Level 2.1 Stealth
 + Level 2.8 Spellcasting
 * Level 1.3 Conjurations
 + Level 4.1 Ice Magic


You had 3 spell levels left.
You knew the following spells:

 Your Spells              Type           Power        Failure   Level  Hunger
a - Freeze                Ice            ##..         3%          1    #......
b - Ozocubu's Armour      Chrm/Ice       #.......     26%         3    ###....
c - Throw Frost           Conj/Ice       ##....       10%         2    ##.....

Your spell library contained the following spells:

 Spells                   Type           Power        Failure   Level  Hunger
 Throw Icicle             Conj/Ice       ##......     54%         4    #####..
 Summon Ice Beast         Ice/Summ       #.......     65%         4    #####..


Dungeon Overview and Level Annotations

Branches:
Dungeon (3/15)

Altars:


Message History

The sky beast hits you. The sky beast shocks you.
You hit the sky beast.
The sky beast is lightly wounded.
The sky beast flickers out of sight!
Deactivating autopickup; reactivate with Ctrl-A.
Something hits you but does no damage.
You barely miss something. Something hits you. Something shocks you.
* * * LOW HITPOINT WARNING * * *
Something hits you but does no damage.
You climb upwards.
Reactivating autopickup.
There is a stone staircase leading down here.
A sky beast appears from thin air!
The sky beast misses you. The sky beast barely misses you.
The sky beast flickers out of sight!
Deactivating autopickup; reactivate with Ctrl-A.
Something hits you.
* * * LOW HITPOINT WARNING * * *
Something shocks you.
You die...

#.# #.##.###......#######....
#.# ###.##'###......# #.### #.#
#........###.##########.#.. #.#
#........# #.##.........#.# #.#
#........# #.##.........#.#
#.###........# #.##.........#.#
#............###............#..
#..........................####
#.........>...@................
#.###...................#######
#.# ###.#####...........# #.#
#.# #...........# #.# #)#
#...........# #.# #.#
#...........# # #.# #.#
#.########### # #.# #.# #.#
###### #.# #.# #.# #.....


There were no monsters in sight!

Vanquished Creatures
  Jessica (D:2)
  An adder (D:2)
  4 gnolls (D:2)
  A worm (D:2)
  A dart slug (D:1)
  A leopard gecko (D:2)
  An orc (D:3)
  2 ball pythons
  2 giant cockroaches
  11 goblins
  4 hobgoblins (D:1)
  A bat (D:2)
  2 frilled lizards
  4 kobolds
  3 rats (D:2)
39 creatures vanquished.

Notes
Turn   | Place    | Note
-------+----------+-------------------------------------------
     0 | D:1      | Gumption the Merfolk Ice Elementalist began the quest for
                  | the Orb.
     0 | D:1      | Reached XP level 1. HP: 13/13 MP: 3/3
   793 | D:1      | Reached XP level 2. HP: 20/20 MP: 3/5
   823 | D:1      | Reached skill level 1 in Fighting
  1225 | D:1      | Learned a level 2 spell: Throw Frost
  1705 | D:2      | Reached XP level 3. HP: 22/26 MP: 3/6
  1799 | D:2      | Learned a level 3 spell: Ozocubu's Armour
  1855 | D:2      | Found a faded altar of an unknown god.
  1901 | D:2      | Noticed Jessica
  2344 | D:2      | Reached skill level 4 in Ice Magic
  3088 | D:2      | Killed Jessica
  3088 | D:2      | Reached skill level 1 in Conjurations
  3088 | D:2      | Reached XP level 4. HP: 33/33 MP: 2/8
  3411 | D:2      | Reached skill level 1 in Polearms
  3543 | D:2      | Reached XP level 5. HP: 27/38 MP: 5/9
  3655 | D:3      | Noticed a sky beast
  3985 | D:1      | Slain by a sky beast

Skill      XL: |  1  2  3  4 |
---------------+-------------+-----
Fighting       | 1 2 |  2.3
Ice Magic      | 4 |  4.1
Conjurations   | 1 |  1.3
Polearms       | 1 |  1.2
Dodging        | 3 |  3.1
Stealth        | |  2.1
Spellcasting   | |  2.8

Action                   |  1- 3 |  4- 6 || total
-------------------------+-------+-------++-------
Melee: Dagger            |    15 |       ||    15
       Spear             |    10 |    11 ||    21
 Fire: Hunting sling     |    16 |    16 ||    32
 Cast: Freeze            |    39 |     2 ||    41
       Throw Frost       |     5 |     6 ||    11
  Use: Scroll            |       |     2 ||     2
 Stab: Sleeping          |     5 |       ||     5
  Eat: Ration            |     1 |       ||     1
       Chunk             |     4 |     3 ||     7
Armor: Robe              |     6 |     4 ||    10
Dodge: Dodged            |    29 |    11 ||    40
